 Dungeon Crawl Stone Soup version 0.26.1-11-gd32895ea62 (webtiles) character file.

Game seed: 5017978516229135811

81 derath95 the Shield-Bearer (level 4, -1/44 HPs)
             Began as a Troll Fighter on Apr 19, 2021.
             Killed from afar by a white imp (7 damage)
             ... with a puff of frost
             ... on level 2 of the Dungeon.
             The game lasted 00:04:49 (852 turns).

derath95 the Shield-Bearer (Troll Fighter)           Turns: 852, Time: 00:04:50

Health: -1/44      AC:  6    Str: 25    XL:     4   Next: 20%
Magic:  3/3        EV:  8    Int:  4    God:
Gold:   85         SH:  9    Dex:  9    Spells: 3/3 levels left

rFire    . . .     SeeInvis .   a - +0 long sword
rCold    . . .     Faith    .   c - +0 kite shield
rNeg     . . .     Spirit   .   b - +0 robe
rPois    .         Reflect  .   (helmet restricted)
rElec    .         Harm     .   (no cloak)
rCorr    .         Rampage  .   (gloves unavailable)
Will     .....                  (boots unavailable)
Stlth    +.........             (no amulet)
HPRegen  0.54/turn              (no ring)
MPRegen  0.08/turn              (no ring)

@: no status effects
A: large, unfitting armour, claws 3, regeneration 1, shaggy fur 1, tough skin 3
a: no special abilities


You were on level 2 of the Dungeon.
You visited 1 branch of the dungeon, and saw 2 of its levels.

You collected 85 gold pieces.

Inventory:

Hand Weapons
 a - a +0 long sword (weapon)
 d - a +0 falchion
Armour
 b - a +0 robe (worn)
 c - a +0 kite shield (worn)
Jewellery
 n - an uncursed amulet of magic regeneration {unknown}
Wands
 o - a wand of random effects (17)
Scrolls
 f - a scroll of fear {unknown}
 h - 2 scrolls of teleportation {unknown}
 j - a scroll of magic mapping {unknown}
 l - a scroll of remove curse {unknown}
 m - a scroll of identify {unknown}
Potions
 e - 2 potions of curing {unknown}
 g - a potion of degeneration {unknown}
 i - 4 potions of cancellation {unknown}
 k - a potion of mutation {unknown}


   Skills:
 + Level 2.8 Fighting
 + Level 2.6 Long Blades
 + Level 2.8 Dodging
 + Level 2.9 Shields


You had 3 spell levels left.
You didn't know any spells.
Your spell library was empty.

Dungeon Overview and Level Annotations

Branches:
Dungeon (2/15)

Altars:

Annotations:
D:2 Sigmund


Innate Abilities, Weirdness & Mutations

You are too large for most types of armour.
You have claws for hands.
Your natural rate of healing is unusually fast.
You are covered in fur. (AC +1)
You have extremely tough skin. (AC +3)


Message History

You slash the rat!
You kill the rat!
Sigmund gestures at you while chanting. The puff of flame hits you.
You closely miss Sigmund.
Sigmund is lightly wounded.
Sigmund hits you with a +0 scythe.
You barely miss Sigmund.
Sigmund is lightly wounded.
Sigmund hits you with a +0 scythe.
You slash Sigmund!
Sigmund is heavily wounded.
You block the white imp's attack. Sigmund hits you with a +0 scythe!
* * * LOW HITPOINT WARNING * * *
Unknown command.
You closely miss Sigmund.
Sigmund is heavily wounded.
The white imp gestures at you. The puff of frost hits you!
You die...

####### ##.....##
##.......## #.........#
#@5.......#
#######†@.....<.#
.......(........#
#######.........#
####.........# ####
######..............
###..###......##...........
........................>..
####.........)...>.........


You could see Sigmund and a white imp.

Vanquished Creatures
  Terence (D:2)
  An adder (D:2)
  2 oozes (D:1)
  A dart slug (D:2)
  6 bats (D:1)
  3 giant cockroaches
  6 goblins
  5 hobgoblins
  4 frilled lizards
  5 kobolds
  8 rats
42 creatures vanquished.

Notes
Turn   | Place    | Note
-------+----------+-------------------------------------------
     0 | D:1      | derath95 the Troll Fighter began the quest for the Orb.
     0 | D:1      | Reached XP level 1. HP: 22/22 MP: 0/0
   111 | D:1      | Reached XP level 2. HP: 29/29 MP: 1/1
   373 | D:1      | Reached XP level 3. HP: 34/36 MP: 2/2
   538 | D:2      | Noticed Terence
   556 | D:2      | Killed Terence
   599 | D:2      | Reached XP level 4. HP: 37/44 MP: 3/3
   820 | D:2      | Noticed Sigmund
   852 | D:2      | Killed from afar by a white imp

Illustrated notes

Levels and vault maps discovered:
D:1:      scummos_arrival_forest, layout_rooms
D:2:      minmay_recursive_quarters, layout_rooms, lemuel_doored_altar,
          minmay_tetromino_t4, uniq_sigmund, uniq_terence

Skill      XL: |  1  2 |
---------------+-------+-----
Long Blades    | 2 |  2.6
Fighting       | |  2.8
Dodging        | |  2.8
Shields        | |  2.9

Action                   |  1- 3 |  4- 6 || total
-------------------------+-------+-------++-------
Melee: Long sword        |    81 |    22 ||   103
  Use: Potion            |     1 |       ||     1
Armor: Robe              |    26 |     4 ||    30
Dodge: Dodged            |    33 |    11 ||    44
Block: Kite shield       |    47 |     7 ||    54
       Rpst.: Long sword |     9 |     1 ||    10
